 Dungeon Crawl Stone Soup version 0.15-a0-1224-g3833f9c (webtiles) character file.

7653 BluebellGnoll the Conjurer (level 11, -26/69 HPs)
             Began as a Formicid Venom Mage on June 2, 2014.
             Was a High Priest of Sif Muna.
             Annihilated by a griffon simulacrum (35 damage)
             ... on Level 11 of the Dungeon.
             The game lasted 02:23:17 (13556 turns).

BluebellGnoll the Conjurer (Formicid Venom Mage)   Turns: 13556, Time: 02:23:17

HP -26/69        AC 11     Str 12      XL: 11   Next: 41%
MP  20/30        EV 13     Int 19      God: Sif Muna [*****.]
Gold 519         SH  0     Dex 11      Spells:  8 memorised,  3 levels left

rFire  . . .     SeeInvis +     N - +10,+4 cutlass of Disorder {drain, Stlth+}
rCold  . . .     Clarity  .     D - +0 troll leather armour {Purgy}
rNeg   . . .     rCorr    .     (no shield)
rPois  .         rRot     .     (helmet unavailable)
rElec  .         Spirit   .     m - +0 cloak
SustAb .         Warding  .     J - +0 pair of gloves
rMut   .         Stasis   +     o - +1 pair of boots
Gourm  +                        d - amulet of the gourmand
MR     +....                    y - ring of stealth
                                u - +3 ring of protection

@: somewhat resistant to hostile enchantments, stealthy
A: permanent stasis, dig shafts and tunnels, four strong arms, antennae 3
a: Dig, Shaft Self, Channel Energy, Forget Spell, Renounce Religion


You were on level 11 of the Dungeon.
You worshipped Sif Muna.
Sif Muna was extremely pleased with you.
You were not hungry.

You visited 2 branches of the dungeon, and saw 12 of its levels.
You also visited: Sewer and Ossuary.

You collected 708 gold pieces.
You spent 189 gold pieces at shops.

Inventory:

Hand weapons
 q - a +2,+2 sling
 B - a +1,+2 dagger of freezing
 N - the +10,+4 cutlass of Disorder (weapon) {drain, Stlth+}
   (You bought it in a shop on level 8 of the Dungeon)

   A truly terrible weapon, it drains the life of those it strikes.
   It makes you more stealthy.
Missiles
 i - 6 sling bullets
Armour
 m - a +0 cloak (worn)
 o - a +1 pair of boots (worn)
 D - a +0 troll leather armour (worn) {Purgy}
 J - a +0 pair of gloves (worn)
Magical devices
 n - a wand of fireball (0)
 t - a wand of flame (0)
 A - a wand of draining (4)
 C - a wand of frost (1)
 E - a wand of lightning (0)
 F - a wand of slowing (14)
Comestibles
 l - 3 meat rations
 w - a slice of pizza
 R - 10 fruits
Scrolls
 p - 4 scrolls of remove curse
 r - 3 scrolls of immolation
 s - a scroll of identify
 v - a scroll of amnesia
 z - a scroll of enchant armour
 Q - a scroll of fear
Jewellery
 c - a +2 ring of strength
 d - an amulet of the gourmand (around neck)
 g - an uncursed ring of sustain abilities
 u - a +3 ring of protection (left hand)
 y - a ring of stealth (right hand)
Potions
 a - a potion of berserk rage {unknown}
 e - 7 potions of heal wounds
 f - a potion of confusion {unknown}
 h - 3 potions of agility
 j - 2 potions of brilliance
 k - a potion of beneficial mutation {unknown}
 x - 3 potions of restore abilities
 G - a potion of paralysis {unknown}
 I - 9 potions of curing
 K - 2 potions of resistance
 L - 3 potions of haste
 M - a potion of invisibility {unknown}
 P - 2 potions of magic
Books
 b - a book of Flames

   Spells                             Type                      Level
   Flame Tongue                       Conjuration/Fire             1
   Throw Flame                        Conjuration/Fire             2
   *Conjure Flame                     Conjuration/Fire             3
   Inner Flame                        Hexes/Fire                   3
   *Sticky Flame                      Conjuration/Fire             4
   Fireball                           Conjuration/Fire             5
 H - a book of Clouds

   Spells                             Type                      Level
   *Mephitic Cloud                    Conjuration/Poison/Air       3
   *Conjure Flame                     Conjuration/Fire             3
   Poisonous Cloud                    Conjuration/Poison/Air       6
   Freezing Cloud                     Conjuration/Ice/Air          6
   Ring of Flames                     Charms/Fire                  7
 O - a book of Ice

   Spells                             Type                      Level
   Metabolic Englaciation             Hexes/Ice                    5
   Ozocubu's Refrigeration            Ice                          6
   Bolt of Cold                       Conjuration/Ice              6
   Freezing Cloud                     Conjuration/Ice/Air          6
   Simulacrum                         Ice/Necromancy               6
 S - Sif Muna's Reference Book on Feathery Battle Magic
   (Sif Muna gifted it to you on level 10 of the Dungeon)

   Spells                             Type                      Level
   Magic Dart                         Conjuration                  1
   Static Discharge                   Conjuration/Air              3
   *Dazzling Spray                    Conjuration/Hexes            3
   *Force Lance                       Conjuration                  5
   Poisonous Cloud                    Conjuration/Poison/Air       6


   Skills:
 * Level 0.9 Fighting
 - Level 3.1 Short Blades
 - Level 6.2 Dodging
 * Level 2.4 Stealth
 - Level 9.5 Spellcasting
 + Level 10.2 Conjurations
 - Level 8.0 Poison Magic


You had 3 spell levels left.
You knew the following spells:

 Your Spells              Type           Power        Failure   Level  Hunger
a - Sting                 Conj/Pois      ####         1%          1    None
b - Cure Poison           Pois           #####.....   1%          2    None
c - Mephitic Cloud        Conj/Pois/Air  ####....     1%          3    None
d - Force Lance           Conj           #####...     3%          5    ####...
e - Venom Bolt            Conj/Pois      #####.....   6%          5    ####...
f - Conjure Flame         Conj/Fire      ####....     2%          3    None
g - Sticky Flame          Conj/Fire      ####....     12%         4    ###....
h - Dazzling Spray        Conj/Hex       ####....     2%          3    None


Dungeon Overview and Level Annotations

Branches:
Dungeon (11/15)            Temple (1/1) D:6            Lair (0/8) D:8
    Orc: D:9-12

Altars:
Dithmenos
Elyvilon
Fedhas
Makhleb
Sif Muna
Trog
The Shining One

Shops:
D:8 (

Annotations:
D:9 exclusion: 2 oklob saplings


Innate Abilities, Weirdness & Mutations

Your are under a permanent stasis effect.
You can dig through walls and to a lower floor.
Your four strong arms can wield two-handed weapons with a shield.
You have a pair of large antennae on your head (SInv).


Message History

The sticky flame hits the griffon simulacrum.
The griffon simulacrum melts!
The griffon simulacrum is covered in liquid flames!
The griffon simulacrum burns!
The wolf is engulfed in noxious fumes.
The wolf appears confused.
The hill giant is engulfed in noxious fumes.
The hill giant appears confused.
The big kobold hits you with a club. The griffon simulacrum bites you.
The griffon simulacrum freezes you!!
The griffon simulacrum pecks you but does no damage.
The griffon simulacrum claws you. The griffon simulacrum freezes you!!
* * * LOW HITPOINT WARNING * * *
The griffon simulacrum burns!
The wolf is engulfed in noxious fumes.
The wolf appears confused.
The hill giant is engulfed in noxious fumes.
The hill giant appears confused.
The big kobold barely misses you. The griffon simulacrum bites you.
* * * LOW HITPOINT WARNING * * *
The griffon simulacrum freezes you!!
Ouch! That really hurt!
You die...

.#.#........# ...
.)..........# ...
....!.....# #..
##.#.......# ...
##.#...<....# ##..
#..S#§§.O......##... .
##...h§...........<.
.....##...§§§.......#....
.......K@#........##.....
......K3Z#.#.....##......
.......5................
........................
.######.#.... .......
...... ...... ....... ...
... .. ..#


You could see a kobold demonologist, a chaos spawn, a water moccasin, a big
kobold, an ogre (confused), a wolf (confused), a white imp and a griffon
simulacrum (burning).

Vanquished Creatures
  The ghost of ThirdFlower the Conjurer, an experienced DECj of Vehumet (D:8)
  The ghost of Somebody the Slasher, an average HESk (D:4)
  A two-headed ogre (D:8)
  7 yaks
  3 hungry ghosts
  3 sky beasts
  A water moccasin (D:6)
  Purgy (Sewer)
  2 black bears (D:8)
  A phantom (D:5)
  4 ice beasts
  2 orc warriors (D:8)
  2 yellow wasps (D:8)
  4 ogres
  4 centaurs
  2 wandering mushrooms (D:9)
  Grum (D:10)
  5 boring beetles (D:8)
  5 giant frogs
  3 gnoll sergeants (D:10)
  3 water moccasin zombies (Ossuary)
  4 scorpions
  2 eyes of draining
  A troll skeleton (D:10)
  3 killer bees (D:10)
  2 goliath beetles (D:8)
  5 wights (D:10)
  A giant frog zombie (D:6)
  A boring beetle zombie (D:8)
  A yellow wasp zombie (D:8)
  A big fish (D:8)
  3 crimson imps
  9 hounds (D:10)
  A black bear zombie (D:8)
  A giant frog skeleton (D:4)
  5 worker ants
  3 jellies
  2 orc priests
  4 orc wizards
  2 gnoll shamans (D:10)
  Natasha (thrice) (D:3)
  2 iguanas
  2 big kobold zombies (Ossuary)
  A sky beast zombie (D:7)
  5 mummies
  A worker ant zombie (D:8)
  10 adders
  A steam dragon zombie (D:9)
  14 gnolls
  A hound simulacrum (D:11)
  3 shadow imps
  An inept item mimic (D:10)
  An orc skeleton (D:6)
  A worm zombie (D:8)
  A giant mite (D:8)
  6 worms
  6 orc zombies
  An iguana zombie (D:8)
  5 adder zombies (Ossuary)
  6 giant geckos
  20 orcs
  11 bats
  A bat skeleton (D:6)
  A bat zombie (D:5)
  6 giant cockroaches
  4 gnoll zombies (Ossuary)
  17 hobgoblins
  2 quokkas
  3 ball pythons
  3 giant newts
  16 goblins
  5 hobgoblin zombies (Ossuary)
  17 jackals
  19 kobolds
  5 kobold zombies
  18 rats
  A rat zombie (D:8)
327 creatures vanquished.

Vanquished Creatures (others)
  A bat (D:7)
  A wandering mushroom (D:9)
2 creatures vanquished.

Grand Total: 329 creatures vanquished

Notes
Turn   | Place    | Note
--------------------------------------------------------------
     0 | D:1      | BluebellGnoll, the Formicid Venom Mage, began the quest for the Orb.
     0 | D:1      | Reached XP level 1. HP: 13/13 MP: 3/3
   350 | D:1      | Reached XP level 2. HP: 19/19 MP: 2/6
   354 | D:1      | Learned a level 2 spell: Cure Poison
   809 | D:1      | Reached XP level 3. HP: 24/24 MP: 6/9
   859 | D:1      | Learned a level 3 spell: Mephitic Cloud
  1718 | D:2      | Reached XP level 4. HP: 25/30 MP: 3/11
  1785 | D:2      | Learned a level 4 spell: Olgreb's Toxic Radiance
  2164 | D:2      | Found a deep blue altar of Sif Muna.
  2170 | D:2      | Became a worshipper of Sif Muna the Loreminder
  2269 | D:3      | Reached skill level 6 in Poison Magic
  2681 | D:3      | Reached skill level 1 in Conjurations
  2796 | D:3      | Found a bloodstained altar of Trog.
  3056 | D:3      | Noticed Natasha
  3085 | D:3      | Killed Natasha
  3085 | D:3      | Reached XP level 5. HP: 7/35 MP: 3/13
  3377 | D:3      | Noticed Natasha
  3384 | D:3      | Killed Natasha
  3720 | D:3      | Noticed Natasha
  3721 | D:3      | Killed Natasha
  3809 | D:4      | Noticed Somebody's ghost (average HESk)
  3814 | D:4      | Killed Somebody's ghost
  3814 | D:4      | Acquired Sif Muna's first power
  3814 | D:4      | Reached skill level 7 in Poison Magic
  3814 | D:4      | Reached XP level 6. HP: 35/41 MP: 15/15
  4084 | D:4      | Found a glowing drain.
  4093 | Sewer    | Entered a sewer
  4208 | Sewer    | Noticed Purgy
  4219 | Sewer    | Killed Purgy
  4219 | Sewer    | Reached XP level 7. HP: 46/46 MP: 9/18
  4423 | D:4      | Reached skill level 8 in Poison Magic
  4650 | D:4      | Learned a level 5 spell: Venom Bolt
  4866 | D:4      | Found a burning altar of Makhleb.
  5071 | D:5      | Entered Level 5 of the Dungeon
  5224 | D:5      | Reached skill level 5 in Spellcasting
  5225 | D:5      | Acquired Sif Muna's second power
  5359 | D:5      | Reached XP level 8. HP: 52/52 MP: 22/22
  6163 | D:6      | Reached skill level 5 in Conjurations
  6196 | D:6      | Found a staircase to the Ecumenical Temple.
  6241 | Temple   | Entered the Ecumenical Temple
  6282 | Temple   | Learned a level 3 spell: Conjure Flame
  7307 | D:7      | Found a white marble altar of Elyvilon.
  7429 | D:7      | Found a sand-covered staircase.
  7475 | D:7      | Reached XP level 9. HP: 55/57 MP: 19/23
  7546 | Ossuary  | Entered an ossuary
  7936 | Ossuary  | Identified a scroll of acquirement
  8515 | D:8      | Found Hoqav's Antique Weapon Shop.
  8652 | D:8      | Reached skill level 5 in Dodging
  8813 | D:8      | Found a glowing golden altar of the Shining One.
  8871 | D:8      | Bought an ebony cutlass for 189 gold pieces
  8872 | D:8      | Identified the +10,+4 cutlass of Disorder {drain, Stlth+} (You bought it in a shop on level 8 of the Dungeon)
  9081 | D:8      | Reached XP level 10. HP: 56/63 MP: 15/24
  9186 | D:8      | Reached skill level 1 in Short Blades
  9221 | D:8      | Found a shadowy altar of Dithmenos.
  9473 | D:8      | Acquired Sif Muna's third power
  9716 | D:8      | Noticed ThirdFlower's ghost (experienced DECj)
  9728 | D:8      | Killed ThirdFlower's ghost
  9728 | D:8      | Reached skill level 9 in Conjurations
  9987 | D:8      | Found a staircase to the Lair.
 11536 | D:9      | Learned a level 4 spell: Sticky Flame
 11788 | D:9      | Reached XP level 11. HP: 66/68 MP: 10/28
 12028 | D:9      | Found a blossoming altar of Fedhas.
 12161 | D:10     | Entered Level 10 of the Dungeon
 12189 | D:10     | Reached skill level 10 in Conjurations
 12784 | D:10     | Noticed Grum
 12797 | D:10     | Killed Grum
 13245 | D:10     | Received a gift from Sif Muna
 13267 | D:10     | Identified Sif Muna's Reference Book on Feathery Battle Magic (Sif Muna gifted it to you on level 10 of the Dungeon)
 13272 | D:10     | Learned a level 3 spell: Dazzling Spray
 13341 | D:10     | Learned a level 5 spell: Force Lance
 13383 | D:11     | Noticed a hill giant
 13556 | D:11     | Annihilated by a griffon simulacrum

Action                   |  1- 3 |  4- 6 |  7- 9 | 10-12 || total
-------------------------+-------+-------+-------+-------++-------
Melee: Unarmed           |     7 |       |       |       ||     7
       Mace              |    13 |    30 |     7 |       ||    50
       Club              |     1 |       |       |       ||     1
       Short sword       |     1 |     4 |       |       ||     5
       Dagger            |       |       |   367 |    28 ||   395
       Cutlass           |       |       |     7 |   148 ||   155
       Sling             |       |       |       |    17 ||    17
 Fire: Sling             |       |       |   146 |    33 ||   179
 Cast: Sting             |    68 |    68 |   168 |   254 ||   558
       Mephitic Cloud    |       |     2 |    12 |    30 ||    44
       Cure Poison       |       |     1 |     5 |       ||     6
       Olgreb's Toxic Ra |       |     1 |     1 |       ||     2
       Conjure Flame     |       |       |    17 |    20 ||    37
       Sticky Flame      |       |       |       |    24 ||    24
       Venom Bolt        |       |       |       |     2 ||     2
Invok: Channel Energy    |       |       |     8 |    65 ||    73
       Forget Spell      |       |       |       |     1 ||     1
Evoke: Wand              |       |     5 |    12 |    16 ||    33
  Use: Scroll            |     1 |     7 |    11 |    11 ||    30
       Potion            |       |     1 |     3 |     2 ||     6
 Stab: Sleeping          |     1 |     2 |     2 |     6 ||    11
       Confused          |       |       |     3 |     6 ||     9
